 Dungeon Crawl Stone Soup version 0.30.1-4-g462c640d31 (webtiles) character file.

Game seed: 12940109552517246744

122 Zeor the Ducker (level 4, -5/23 HPs)
             Began as a Deep Elf Gladiator on Aug 21, 2023.
             Was a Follower of Vehumet.
             Slain by a gnoll
             ... wielding a +0 halberd
              (10 damage)
             ... on level 3 of the Dungeon.
             The game lasted 00:05:26 (1944 turns).

Zeor the Ducker (Deep Elf Gladiator)                Turns: 1944, Time: 00:05:27

Health: -5/23      AC:  4    Str: 11    XL:     4   Next: 78%
Magic:  9/9        EV: 13    Int: 15    God:    Vehumet [*.....]
Gold:   152        SH:  0    Dex: 16    Spells: 7/7 levels left

rFire   . . .        a - +1 long sword
rCold   . . .        (no shield)
rNeg    . . .        b - +0 leather armour
rPois   .            c - +0 helmet
rElec   .            (no cloak)
rCorr   .            (no gloves)
SInv    .            (no boots)
Will    .....        (no amulet)
Stlth   +            (no ring)
HPRegen 0.23/turn    (no ring)
MPRegen 0.11/turn

%: no passive effects
@: no status effects
A: frail 1
a: Renounce Religion


You were on level 3 of the Dungeon.
You worshipped Vehumet.
Vehumet was aware of your devotion.
You visited 1 branch of the dungeon, and saw 3 of its levels.

You collected 152 gold pieces.

Inventory:

Hand Weapons
 a - a +1 long sword (weapon)
 i - a +0 dagger of venom
Missiles
 d - 2 throwing nets (quivered)
 e - a javelin
Armour
 b - a +0 leather armour (worn)
 c - a +0 helmet (worn)
Scrolls
 f - a scroll of identify


   Skills:
 + Level 2.0 Fighting
 + Level 3.6 Long Blades
 + Level 2.1 Throwing
 + Level 1.3 Armour
 + Level 4.2 Dodging
 + Level 0.4 Stealth
 * Level 2.2 Spellcasting


You had 7 spell levels left.
You didn't know any spells.
Your spell library was empty.

Dungeon Overview and Level Annotations

Branches:
Dungeon (3/15)

Altars:
Vehumet


Innate Abilities, Weirdness & Mutations

You are frail. (-10% HP)


Message History

You closely miss the orc. The orc hits you with a +0 dagger.
You aren't carrying any potions.
You slash the orc!
You kill the orc!
Vehumet accepts your kill.
You slash the orc!
You kill the orc!
Vehumet accepts your kill. The orc misses you.
Okay, then.
You barely miss the orc. The orc hits you with a +0 club.
You hit the orc.
The orc is moderately wounded.
The orc barely misses you.
A gnoll comes into view. It is wielding a +0 whip.
You barely miss the orc.
The orc is moderately wounded.
The gnoll shouts!
You hear a shout!
A gnoll comes into view. It is wielding a +0 club.
The orc hits you with a +0 club.
You slash the orc!
You kill the orc!
Vehumet accepts your kill.
Okay, then.
You closely miss the orc. The orc barely misses you.
The orc hits you but does no damage.
You closely miss the orc. The orc hits you with a +0 mace.
The orc attacks as you move away! The orc hits you with a +0 mace.
The orc attacks as you move away! The orc hits you with a +0 mace!
* * * LOW HITPOINT WARNING * * *
You hit the orc.
You kill the orc!
Vehumet accepts your kill.
You hit the bat.
You kill the bat!
Vehumet accepts your kill.
You can now gain magical power from killing.
Vehumet offers you knowledge of Foxfire.
The gnoll hits you from afar with a +0 halberd!
You die...

▒▒▒▒▒▒▒▒▒▒▒▒▒
▒∙∙∙e)g∙g∙go▒
▒∙▒▒▒▒▒▒▒▒▒∙▒
▒ ▒)▒ ▒▒∙▒g▒
▒∙∙o<▒
▒∙∙∙g>▒


g∙o∙∙∙∙∙∙ go∙∙∙∙∙∙▒∙ ▒▒∙▒∙∙∙∙∙∙∙ You could see 3 gnolls and an orc.

Vanquished Creatures
  An iguana (D:2)
  A gnoll (D:1)
  An adder (D:2)
  A worm (D:2)
  3 dart slugs (D:2)
  5 orcs
  5 ball pythons
  7 bats
  4 endoplasms
  2 giant cockroaches
  3 goblins
  7 hobgoblins
  7 jackals
  3 kobolds
  A quokka (D:1)
  3 frilled lizards (D:2)
  6 rats
60 creatures vanquished.

Notes
Turn   | Place    | Note
-------+----------+-------------------------------------------
     0 | D:1      | Zeor the Deep Elf Gladiator began the quest for the Orb.
     0 | D:1      | Reached XP level 1. HP: 12/12 MP: 3/3
   171 | D:1      | Reached XP level 2. HP: 6/16 MP: 4/4
   403 | D:1      | Reached skill level 1 in Spellcasting
   669 | D:1      | Reached skill level 4 in Dodging
   669 | D:1      | Reached XP level 3. HP: 21/21 MP: 6/6
   952 | D:2      | Gained mutation: You are frail. (-10% HP) [potion of
                  | mutation]
  1025 | D:2      | Reached XP level 4. HP: 23/23 MP: 8/8
  1035 | D:2      | Reached skill level 1 in Armour
  1124 | D:2      | Found a radiant altar of Vehumet.
  1142 | D:2      | Became a worshipper of Vehumet
  1944 | D:3      | Reached * piety under Vehumet
  1944 | D:3      | Offered knowledge of Foxfire by Vehumet.
  1944 | D:3      | Slain by a gnoll

Illustrated notes

Levels and vault maps discovered:
D:1:      roderic_crop_circles_arrival_small, layout_basic
D:2:      layout_loops_ring, basic_altar, wander_ebering_terrifying_dragon_lair
D:3:      layout_loops_ring, tso_oasis_becter,
          mainiacjoe_overflow_six_doors_small, xom_teletrap_fun, tgw_trog,
          minmay_overflow_temple_star_quad, gammafunk_ghost_grave,
          minmay_randomly_rotated_circles

Skill      XL: |  1  2  3  4 |
---------------+-------------+-----
Spellcasting   | 1 2 |  2.2
Long Blades    | 3 |  3.6
Dodging        | 4 |  4.2
Armour         | 1 |  1.3
Fighting       | 2 |  2.0
Throwing       | |  2.1
Stealth        | |  0.4

Action                     |  1- 3 |  4- 6 || total
---------------------------+-------+-------++-------
  Melee: Long sword        |    95 |    98 ||   193
         Punch             |       |     1 ||     1
  Throw: Throwing net      |     2 |       ||     2
    Use: Scroll            |     2 |     1 ||     3
         Potion            |     2 |       ||     2
   Stab: Sleeping          |     1 |       ||     1
         Held in net/web   |     1 |       ||     1
         Distracted        |       |     1 ||     1
 Armour: Leather armour    |    20 |    24 ||    44
  Dodge: Dodged            |    95 |    58 ||   153
